 Dungeon Crawl Stone Soup version 0.29-a0-775-g4d7333d4e2 (webtiles) character file.

Game seed: 14511351472597697973

84 Pooter the Shooter (level 4, -1/40 HPs)
             Began as a Minotaur Hunter on July 1, 2022.
             Slain by a goblin
             ... wielding a +0 club
             ... led by Robin
              (2 damage)
             ... on level 2 of the Dungeon.
             The game lasted 00:07:54 (1359 turns).

Pooter the Shooter (Minotaur Hunter)                Turns: 1359, Time: 00:07:55

Health: -1/40      AC:  9    Str: 17    XL:     4   Next: 24%
Magic:  0/3        EV:  7    Int: 12    God:
Gold:   56         SH:  0    Dex: 14    Spells: 3/3 levels left

rFire   . . .      SeeInvis .   a - +0 flail
rCold   . . .      Faith    .   (no shield)
rNeg    . . .      Spirit   +   f - +0 chain mail
rPois   .          Reflect  .   (helmet restricted)
rElec   .          Harm     .   e - +0 cloak
rCorr   .          Rampage  .   (no gloves)
Will    .....                   (no boots)
Stlth   ..........              G - amulet of guardian spirit
HPRegen 0.13/turn               h - +6 ring of intelligence
MPRegen 0.08/turn               (no ring)

@: lethally poisoned (-1 -> -20)
A: horns 2, retaliatory headbutt
a: no special abilities


You were on level 2 of the Dungeon.
You visited 1 branch of the dungeon, and saw 2 of its levels.

You collected 56 gold pieces.

Inventory:

Hand Weapons
 a - a +0 flail (weapon)
   (You took it off a gnoll on level 2 of the Dungeon)
 b - a +0 shortbow
 n - a +0 spear
   (You found it on level 1 of the Dungeon)
Missiles
 g - 4 datura-tipped darts
 q - 2 throwing nets {!f}
 Q - 11 stones (quivered)
Armour
 d - an orb of light
   (You found it on level 1 of the Dungeon)
 e - a +0 cloak (worn)
   (You found it on level 1 of the Dungeon)
 f - a +0 chain mail (worn)
   (You found it on level 1 of the Dungeon)
Jewellery
 h - a +6 ring of intelligence (left hand)
   (You found it on level 1 of the Dungeon)
 G - an amulet of guardian spirit (around neck)
   (You found it on level 1 of the Dungeon)
Scrolls
 c - 3 scrolls of immolation {!r}
 k - a scroll of torment {!r}
 l - a scroll of summoning
 m - a scroll of vulnerability {!r}
 p - a scroll of enchant weapon
Potions
 i - a potion of lignification {unknown}
 j - a potion of haste {unknown}
 o - 2 potions of magic {unknown}


   Skills:
 + Level 3.7 Fighting
 * Level 5.8 Ranged Weapons
 - Level 2.1 Dodging
 - Level 0.7 Stealth


You had 3 spell levels left.
You didn't know any spells.
Your spell library was empty.

Dungeon Overview and Level Annotations

Branches:
Dungeon (2/15)

Altars:

Shops:
D:1 (

Annotations:
D:2 Robin


Innate Abilities, Weirdness & Mutations

You have a pair of horns on your head.
You reflexively headbutt those who attack you in melee.


Message History

The goblin hits you with a +0 club.
A goblin comes into view. It is wielding a +0 club.
The goblin hits you with a +0 club.
You hit the goblin. The goblin hits you but does no damage.
Robin throws the goblin at you!
A goblin comes into view. It is wielding a +0 club.
The goblin hits you but does no damage.
The goblin shouts!
The goblin hits you but does no damage.
You are poisoned.
The goblin barely misses you. The goblin hits you with a +0 club.
There is an open door here.
You see here a +0 club.
You hit the goblin.
You feel very sick. The goblin hits you but does no damage.
The goblin barely misses you. The goblin hits you but does no damage.
The goblin hits you with a +0 club.
You barely miss the goblin.
You feel sick. The goblin hits you but does no damage.
The goblin hits you with a +1 dagger of venom.
* * * LOW HITPOINT WARNING * * *
You are more poisoned.
The goblin hits you with a +0 club.
* * * LOW HITPOINT WARNING * * *
The goblin hits you but does no damage. The goblin hits you with a +0 club.
* * * LOW HITPOINT WARNING * * *
The goblin barely misses you. The goblin hits you but does no damage.
The goblin barely misses you.
You closely miss the goblin.
* * * LOW HITPOINT WARNING * * *
You feel very sick. The goblin hits you with a +0 club.
* * * LOW HITPOINT WARNING * * *
The goblin hits you but does no damage.
You are lethally poisoned!
The goblin hits you but does no damage. The goblin barely misses you.
You closely miss the goblin.
* * * LOW HITPOINT WARNING * * *
You feel very sick.
A goblin comes into view. It is wielding a +0 club.
The goblin hits you but does no damage.
You are more poisoned.
The goblin barely misses you. The goblin hits you with a +0 club.
* * * LOW HITPOINT WARNING * * *
The goblin hits you with a +0 club.
* * * LOW HITPOINT WARNING * * *
The goblin hits you but does no damage. The goblin misses you.
The goblin hits you with a +0 club.
* * * LOW MAGIC WARNING * * *
You die...

##.## #.# # #.# # ##+##
# ##...## # ##.....##
### # ##.......## ##.#
#...####g........####...
.g)gggg@g........+......
#..g####g........###<...
# ##.......## #....
##.....## #..## ##...##
#..## ##'## #..## #.#
#..## #.# #..##
##.#######....


You could see Robin, a hobgoblin (strong) and 7 goblins.

Vanquished Creatures
  Terence (D:1)
  3 gnolls (D:2)
  A bat (D:1)
  4 endoplasms
  A giant cockroach (D:1)
  6 goblins
  A hobgoblin (D:1)
  2 quokkas (D:1)
  2 ball pythons (D:1)
  3 frilled lizards
  2 kobolds (D:1)
  4 rats (D:1)
30 creatures vanquished.

Notes
Turn   | Place    | Note
-------+----------+-------------------------------------------
     0 | D:1      | Pooter the Minotaur Hunter began the quest for the Orb.
     0 | D:1      | Reached XP level 1. HP: 18/18 MP: 0/0
   306 | D:1      | Reached XP level 2. HP: 25/25 MP: 1/1
   652 | D:1      | Reached skill level 5 in Ranged Weapons
   722 | D:1      | Found Kuudeit's Antique Weapon Shoppe.
   832 | D:2      | Noticed Terence
   847 | D:1      | Killed Terence
   848 | D:1      | Reached XP level 3. HP: 20/31 MP: 2/2
  1103 | D:2      | Reached XP level 4. HP: 34/38 MP: 1/3
  1350 | D:2      | Noticed Robin
  1359 | D:2      | HP: 2/40 [goblin/+0 club[Robin] (5)]
  1359 | D:2      | Slain by a goblin

Illustrated notes

Levels and vault maps discovered:
D:1:      dpeg_arrival_snail, layout_rooms, serial_shops, shop,
          kennysheep_another_room, minmay_misc_feat_rows
D:2:      layout_loops_corners, kennysheep_generic_room_15, uniq_robin,
          uniq_terence

Skill      XL: |  1  2 |
---------------+-------+-----
Fighting       | 3 |  3.7
Ranged Weapons | 5 |  5.8
Dodging        | |  2.1
Stealth        | |  0.7

Action                   |  1- 3 |  4- 6 || total
-------------------------+-------+-------++-------
Melee: Spear             |    47 |     3 ||    50
       Headbutt          |     8 |     1 ||     9
       Punch             |     1 |       ||     1
       Flail             |       |     6 ||     6
 Fire: Shortbow          |    40 |     7 ||    47
Throw: Dart              |     1 |       ||     1
       Stone             |     1 |       ||     1
  Use: Scroll            |     3 |     1 ||     4
Armor: Chain mail        |    26 |    17 ||    43
Dodge: Dodged            |    21 |     8 ||    29

Table legend: (Time is in decaauts)
 A = Elapsed time spent in this place.
 B = Non-inter-level travel time spent in this place.
 C = Inter-level travel time spent in this place.
 D = Time resting spent in this place.
 E = Time spent auto-exploring this place.
 F = Levels seen in this place.
 G = Mean time per level.
                   A        B        C        D        E       F      G
               +--------+--------+--------+--------+--------+-----+--------+
         Total |   1390 |   1390 |      0 |    101 |    965 |   2 |  695.0 |
       Dungeon |   1390 |   1390 |      0 |    101 |    965 |   2 |  695.0 |
               +--------+--------+--------+--------+--------+-----+--------+

Top non-repeatable levels by time:
     D:1: 970 daAuts
     D:2: 420 daAuts
